A- WEST
STOCKTON PORTS @ FRESNO GRIZZLIES
09/04/2041
 
TOP OF THE 1ST
Stockton Ports batting - Pitching for Fresno Grizzlies : RHP Shawn Lewis
Pitching: RHP Shawn Lewis
Batting: RHB Sergio Chapa 0-0: Ball
1-0: Foul Ball, location: 2F
1-1: Ball
2-1: Ball
3-1: Foul Ball, location: 9LDF
3-2: Fly out, F6 (Popup, 6MS, EV 68.8 MPH)
Batting: RHB Héctor Correa 0-0: Called Strike
0-1: Ball
1-1: Ground out 6-3 (Groundball, 6M, EV 99.4 MPH)
Batting: RHB Jonathon Spencer 0-0: Ball
1-0: Foul Ball, location: 3F
1-1: Ball
2-1: Ground out 5-3 (Groundball, 56S, EV 80.0 MPH)
Top of the 1st over - 0 runs, 0 hits, 0 errors, 0 left on base; Stockton 0 - Fresno 0
BOTTOM OF THE 1ST
Fresno Grizzlies batting - Pitching for Stockton Ports : LHP Héctor García
Pitching: LHP Héctor García
Batting: RHB Juan Colón 0-0: Called Strike
0-1: Called Strike
0-2: Ball
1-2: Ball
2-2: SINGLE (Line Drive, 34D, EV 110.0 MPH)
Batting: RHB Norberto Rivera 0-0: Called Strike
0-1: Bunt missed!
0-2: Ball
1-2: Ball
Juan Colón is caught stealing 2nd base 2-4
2-2: Ball
3-2: Ground out 4-3 (Groundball, 4, EV 88.8 MPH)
Batting: RHB Israel Díaz 0-0: Ball
1-0: Swinging Strike
1-1: Foul Ball, location: 2LF
1-2: Strikes out looking
Bottom of the 1st over - 0 runs, 1 hit, 0 errors, 0 left on base; Stockton 0 - Fresno 0
TOP OF THE 2ND
Stockton Ports batting - Pitching for Fresno Grizzlies : RHP Shawn Lewis
Batting: SHB Tomás Alonso 0-0: Called Strike
0-1: Ball
1-1: Ball
2-1: Ground out 4-3 (Groundball, 34, EV 87.5 MPH)
Batting: RHB Manny Rodríguez 0-0: Ball
1-0: Ball
2-0: Called Strike
2-1: Ball
3-1: Swinging Strike
3-2: DOUBLE (Line Drive, 7LS, EV 98.1 MPH)
Batting: LHB Pete Shipman 0-0: Foul Ball, location: 25FF
0-1: Called Strike
0-2: Ball
1-2: Foul Ball, location: 7LDF
1-2: Foul Ball, location: 5FF
1-2: Foul Ball, location: 9LDF
1-2: Ball
2-2: SINGLE (Groundball, 34D, EV 107.5 MPH)
Manny Rodríguez to third
Runner from 3rd tries for Home, SAFE, throw by RF to home
Batting: RHB Ed Bowman 0-0: Ball
1-0: Foul Ball, location: 2F
1-1: Swinging Strike
1-2: Foul Ball, location: 2F
1-2: Foul Ball, location: 2F
1-2: Foul Ball, location: 2F
1-2: Fly out, F8 (Flyball, 8LD, EV 95.0 MPH)
Batting: RHB Héctor Cintrón 0-0: Ball
1-0: Ball
2-0: Called Strike
2-1: Ground out 4-3 (Groundball, 13, EV 92.5 MPH)
Top of the 2nd over - 1 run, 2 hits, 0 errors, 1 left on base; Stockton 1 - Fresno 0
BOTTOM OF THE 2ND
Fresno Grizzlies batting - Pitching for Stockton Ports : LHP Héctor García
Batting: RHB Héctor Martínez 0-0: Ball
1-0: Ball
2-0: Called Strike
2-1: Called Strike
2-2: Ball
3-2: Foul Ball, location: 2F
3-2: SINGLE (Groundball, 6MD, EV 95.6 MPH)
Batting: RHB Jorge López 0-0: Bunt - Flyout to 13! F1
Pitching: LHP Joe Snyder
Batting: RHB José López 0-0: Called Strike
0-1: Ball
1-1: Grounds into double play, 4-6-3 (Groundball, 4, EV 84.4 MPH)
Bottom of the 2nd over - 0 runs, 1 hit, 0 errors, 0 left on base; Stockton 1 - Fresno 0
TOP OF THE 3RD
Stockton Ports batting - Pitching for Fresno Grizzlies : RHP Shawn Lewis
Batting: LHB Clint Novak 0-0: Called Strike
0-1: Called Strike
0-2: Ball
1-2: Strikes out swinging
Batting: RHB Sergio Chapa 0-0: Ball
1-0: Ball
2-0: Foul Ball, location: 2F
2-1: Ball
3-1: Foul Ball, location: 5SF
3-2: Strikes out swinging
Batting: RHB Héctor Correa 0-0: Foul Ball, location: 2F
0-1: Ball
1-1: Ground out 5-3 (Groundball, 15, EV 90.6 MPH)
Top of the 3rd over - 0 runs, 0 hits, 0 errors, 0 left on base; Stockton 1 - Fresno 0
BOTTOM OF THE 3RD
Fresno Grizzlies batting - Pitching for Stockton Ports : LHP Joe Snyder
Batting: RHB Jimmy Tessier 0-0: Ball
1-0: Ball
2-0: Ball
3-0: Called Strike
3-1: Called Strike
3-2: Fly out, F9 (Flyball, 89D, EV 101.3 MPH)
Batting: RHB Stan Holt 0-0: Foul Ball, location: 23F
0-1: Foul Ball, location: 2F
0-2: Strikes out looking
Batting: RHB Jeremy Collier 0-0: Ball
1-0: Ball
2-0: Ball
3-0: Called Strike
3-1: Ground out 5-3 (Groundball, 56S, EV 71.3 MPH)
Bottom of the 3rd over - 0 runs, 0 hits, 0 errors, 0 left on base; Stockton 1 - Fresno 0
TOP OF THE 4TH
Stockton Ports batting - Pitching for Fresno Grizzlies : RHP Shawn Lewis
Batting: RHB Jonathon Spencer 0-0: Ball
1-0: Swinging Strike
1-1: Ball
2-1: Ball
3-1: Base on Balls
Batting: SHB Tomás Alonso 0-0: Ball
1-0: Bunted foul
1-1: Grounds into double play, 4-6-3 (Groundball, 4D, EV 85.0 MPH)
Batting: RHB Manny Rodríguez 0-0: Called Strike
0-1: Foul Ball, location: 9LDF
0-2: Foul Ball, location: 2F
0-2: Ball
1-2: Fly out, F8 (Line Drive, 8LM, EV 95.0 MPH)
Top of the 4th over - 0 runs, 0 hits, 0 errors, 0 left on base; Stockton 1 - Fresno 0
BOTTOM OF THE 4TH
Fresno Grizzlies batting - Pitching for Stockton Ports : LHP Joe Snyder
Batting: RHB Juan Colón 0-0: Ball
1-0: Ball
2-0: Foul Ball, location: 2LF
2-1: Fly out, F6 (Popup, P, EV 86.3 MPH)
Batting: RHB Norberto Rivera 0-0: Bunted foul
0-1: Called Strike
0-2: Ground out U3 (Groundball, 34, EV 84.4 MPH)
Batting: RHB Israel Díaz 0-0: Called Strike
0-1: Called Strike
0-2: Strikes out swinging
Bottom of the 4th over - 0 runs, 0 hits, 0 errors, 0 left on base; Stockton 1 - Fresno 0
TOP OF THE 5TH
Stockton Ports batting - Pitching for Fresno Grizzlies : RHP Shawn Lewis
Batting: LHB Pete Shipman 0-0: TRIPLE (Flyball, 8LXD, EV 99.4 MPH)
Batting: RHB Ed Bowman 0-0: Ball
1-0: Fly out, F8 (Line Drive, 8LS, EV 103.8 MPH)
Batting: RHB Héctor Cintrón 0-0: Ball
1-0: Ground out 5-3 (Groundball, 56, EV 91.3 MPH)
Batting: LHB Clint Novak 0-0: Called Strike
0-1: Ball
1-1: Swinging Strike
1-2: Strikes out swinging
Top of the 5th over - 0 runs, 1 hit, 0 errors, 1 left on base; Stockton 1 - Fresno 0
BOTTOM OF THE 5TH
Fresno Grizzlies batting - Pitching for Stockton Ports : LHP Joe Snyder
Batting: RHB Héctor Martínez 0-0: Ball
1-0: Foul Ball, location: 5F
1-1: Ball
2-1: Swinging Strike
2-2: Ball
3-2: Base on Balls
Batting: RHB Jorge López 0-0: Ball
1-0: Ball
2-0: Foul Ball, location: 2F
2-1: Ball
3-1: Base on Balls
Héctor Martínez to second
Pinch Hitting: RHB Luis Negrón 0-0: Bunted foul
0-1: Ball
1-1: Ball
2-1: Sac Bunt to 5S - play at first, batter OUT! 5-4
Héctor Martínez to third
Jorge López to second
Batting: RHB António López 0-0: Ball
1-0: Called Strike
1-1: Foul Ball, location: 9LSF
1-2: Fly out, F6 (Line Drive, 6, EV 71.9 MPH)
Pinch Hitting: SHB Danny Nolan 0-0: Ball
1-0: Ball
2-0: Ball
3-0: Called Strike
3-1: Swinging Strike
3-2: Base on Balls
Batting: RHB Jeremy Collier 0-0: Called Strike
0-1: Foul Ball, location: 25F
0-2: Ball
1-2: Strikes out swinging
Bottom of the 5th over - 0 runs, 0 hits, 0 errors, 3 left on base; Stockton 1 - Fresno 0
TOP OF THE 6TH
Stockton Ports batting - Pitching for Fresno Grizzlies : RHP Shawn Lewis
Now at 2B: Danny Nolan
Now at SS: Israel Díaz
Now in RF: Luis Negrón
Batting: RHB Sergio Chapa 0-0: Swinging Strike
0-1: Ball
1-1: Ball
2-1: Ball
3-1: Foul Ball, location: 3FF
3-2: Strikes out swinging
Pitching: RHP Danny Mason
Batting: RHB Héctor Correa 0-0: Ball
1-0: Swinging Strike
1-1: Ball
2-1: Ball
3-1: Base on Balls
Batting: RHB Jonathon Spencer 0-0: Called Strike
0-1: Foul Ball, location: 2F
0-2: Foul Ball, location: 3SF
0-2: Ball
1-2: Strikes out swinging
Batting: SHB Tomás Alonso 0-0: Ball
1-0: Called Strike
1-1: Ball
2-1: Called Strike
2-2: Strikes out swinging
Top of the 6th over - 0 runs, 0 hits, 0 errors, 1 left on base; Stockton 1 - Fresno 0
BOTTOM OF THE 6TH
Fresno Grizzlies batting - Pitching for Stockton Ports : LHP Joe Snyder
Batting: RHB Juan Colón 0-0: Called Strike
0-1: Ball
1-1: Called Strike
1-2: Strikes out swinging
Batting: RHB Norberto Rivera 0-0: Ball
1-0: Called Strike
1-1: Ground out 6-3 (Groundball, 6, EV 76.3 MPH)
Batting: RHB Israel Díaz 0-0: Fly out, F9 (Line Drive, 9, EV 94.4 MPH)
Bottom of the 6th over - 0 runs, 0 hits, 0 errors, 0 left on base; Stockton 1 - Fresno 0
TOP OF THE 7TH
Stockton Ports batting - Pitching for Fresno Grizzlies : RHP Danny Mason
Batting: RHB Manny Rodríguez 0-0: Ball
1-0: Called Strike
1-1: Fly out, F9 (Flyball, 89M, EV 90.0 MPH)
Batting: LHB Pete Shipman 0-0: Called Strike
0-1: Ground out 4-3 (Groundball, 4D, EV 96.9 MPH)
Batting: RHB Ed Bowman 0-0: Called Strike
0-1: Foul Ball, location: 23FF
0-2: Ball
1-2: Ball
2-2: Foul Ball, location: 2F
2-2: Strikes out swinging
Top of the 7th over - 0 runs, 0 hits, 0 errors, 0 left on base; Stockton 1 - Fresno 0
BOTTOM OF THE 7TH
Fresno Grizzlies batting - Pitching for Stockton Ports : LHP Joe Snyder
Batting: RHB Héctor Martínez 0-0: SINGLE (Line Drive, 7LS, EV 95.6 MPH)
Batting: RHB Jorge López 0-0: DOUBLE (Line Drive, 7LM, EV 104.4 MPH)
Héctor Martínez to third
Runner from 3rd tries for Home, SAFE, no throw by LF
Batting: RHB Luis Negrón 0-0: Bunted foul
0-1: Bunted foul
0-2: Fly out, F8 (Flyball, 8RD, EV 101.3 MPH)
Batting: RHB António López 0-0: Intentional Walk
Pinch Hitting: RHB Greg Price 0-0: Ground out 6-3 (Groundball, 6S, EV 63.1 MPH)
Jorge López to third
António López to second
Batting: RHB Jeremy Collier 0-0: Ball
1-0: Ground out 5-3 (Groundball, 56S, EV 83.1 MPH)
Bottom of the 7th over - 1 run, 2 hits, 0 errors, 2 left on base; Stockton 1 - Fresno 1
TOP OF THE 8TH
Stockton Ports batting - Pitching for Fresno Grizzlies : RHP Danny Mason
Now at 2B: Greg Price
Pinch Hitting: SHB Ron Walsh 0-0: SINGLE (Groundball, 6D, EV 101.3 MPH)
Batting: LHB Clint Novak 0-0: Bunted foul
0-1: Bunted foul
0-2: Fly out, F4 (Popup, 34, EV 38.8 MPH)
Pinch Hitting: LHB Arturo Reyes 0-0: Bunted foul
0-1: DOUBLE (Groundball, 3L, EV 101.9 MPH)
Ron Walsh to third
Pinch Hitting: LHB Jimmy Smith 0-0: Intentional Walk
Pinch Hitting: RHB Phil Adams 0-0: Foul Ball, location: 2F
0-1: Ball
1-1: Ball
2-1: Called Strike
2-2: Strikes out swinging
Batting: SHB Tomás Alonso 0-0: Ball
1-0: Foul Ball, location: 2F
1-1: Ball
2-1: Swinging Strike
2-2: Ball
3-2: Base on Balls
Ron Walsh scores
Arturo Reyes to third
Jimmy Smith to second
Batting: RHB Manny Rodríguez 0-0: Called Strike
0-1: Swinging Strike
0-2: GRAND SLAM HOME RUN (Flyball, 9D, EV 95.0 MPH), Distance : 372 ft
Pitching: RHP Ernesto Ramírez
Batting: LHB Pete Shipman 0-0: Ball
1-0: Ball
2-0: Called Strike
2-1: DOUBLE (Line Drive, 9LD, EV 108.1 MPH)
Batting: RHB Ed Bowman 0-0: Swinging Strike
0-1: Called Strike
0-2: Strikes out swinging
Top of the 8th over - 5 runs, 4 hits, 0 errors, 1 left on base; Stockton 6 - Fresno 1
BOTTOM OF THE 8TH
Fresno Grizzlies batting - Pitching for Stockton Ports : LHP Joe Snyder
Now at C: César Fernández
Now at 2B: Pete Shipman
Now at 3B: Steve Chase
Now at SS: Arturo Reyes
Now in CF: Ángelo Lacero
Batting: RHB Juan Colón 0-0: Ball
1-0: Ball
2-0: Ball
3-0: Called Strike
3-1: Base on Balls
Pitching: RHP Joaquín Díaz
Pinch Hitting: SHB John Roberge 0-0: SINGLE (Line Drive, 6MD, EV 101.3 MPH)
Juan Colón to second
Batting: RHB Israel Díaz 0-0: 3-RUN HOME RUN (Flyball, 8RXD, EV 110.0 MPH), Distance : 432 ft
Batting: RHB Héctor Martínez 0-0: Ball
1-0: Called Strike
1-1: DOUBLE (Line Drive, 9LS, EV 96.3 MPH)
Batting: RHB Jorge López 0-0: Ground out 4-3 (Groundball, 4, EV 78.8 MPH)
Héctor Martínez to third
Batting: RHB Luis Negrón 0-0: Fly out, F4 (Popup, 4, EV 71.9 MPH)
Batting: RHB António López 0-0: Ball
1-0: Ball
2-0: Ground out 6-3 (Groundball, 6S, EV 68.8 MPH)
Bottom of the 8th over - 3 runs, 3 hits, 0 errors, 1 left on base; Stockton 6 - Fresno 4
TOP OF THE 9TH
Stockton Ports batting - Pitching for Fresno Grizzlies : RHP Ernesto Ramírez
Now in LF: John Roberge
Batting: RHB Steve Chase 0-0: Ball
1-0: Called Strike
1-1: Ball
2-1: Ground out 6-3 (Groundball, 6, EV 84.4 MPH)
Pinch Hitting: RHB José Oliveira 0-0: Ball
1-0: Ball
2-0: Swinging Strike
2-1: SINGLE (Line Drive, 78S, EV 85.0 MPH)
Batting: LHB Arturo Reyes 0-0: Called Strike
0-1: Ball
1-1: Ball
2-1: Ball
3-1: Foul Ball, location: 9LSFF
3-2: Fly out, F7 (Flyball, 78S, EV 91.3 MPH)
Batting: RHB Ángelo Lacero 0-0: Ball
1-0: Called Strike
1-1: Swinging Strike
1-2: Strikes out swinging
Top of the 9th over - 0 runs, 1 hit, 0 errors, 1 left on base; Stockton 6 - Fresno 4
BOTTOM OF THE 9TH
Fresno Grizzlies batting - Pitching for Stockton Ports : RHP Joaquín Díaz
Pitching: RHP Orlando Luján
Now at 1B: Steve Chase
Now at 3B: Dan Irwin
Now in RF: Juan Gonzáles
Batting: RHB Greg Price 0-0: Called Strike
0-1: SINGLE (Flyball, 89S, EV 91.3 MPH)
Pinch Hitting: RHB Cipriano Costello 0-0: Ball
1-0: Called Strike
1-1: Ball
2-1: Ball
3-1: Swinging Strike
3-2: Fly out, F8 (Flyball, 8LS, EV 84.4 MPH)
Batting: RHB Juan Colón 0-0: Ball
1-0: Foul Ball, location: 5FF
1-1: Ball
2-1: Foul Ball, location: 9LMF
2-2: Grounds into double play, 5-4-3 (Groundball, 56, EV 91.3 MPH)
Bottom of the 9th over - 0 runs, 1 hit, 0 errors, 0 left on base; Stockton 6 - Fresno 4
Monday, April 1st , 2024 - OOTP Baseball 24.10 Build 82